 Dungeon Crawl Stone Soup version 0.19-a0-1714-gcab94ab (webtiles) character file.

669 gottagoquickly the Grappler (level 7, -1/93 HPs)
             Began as a Troll Skald on Sept 28, 2016.
             Was a Follower of Makhleb.
             Slain by an orc warrior
             ... wielding a cursed +0 halberd
              (8 damage)
             ... on level 7 of the Dungeon.
             The game lasted 00:07:08 (1117 turns).

gottagoquickly the Grappler (Troll Skald)           Turns: 1117, Time: 00:07:09

Health: -1/93      AC: 24    Str: 21    XL:     7   Next: 32%
Magic:  7/7        EV:  1    Int: 12    God:    Makhleb [*.....]
Gold:   126        SH:  0    Dex: 15    Spells: 2 memorised, 4 levels left

rFire  . . .     SeeInvis .       - Unarmed
rCold  . . .     Gourm    +     (armour currently unavailable)
rNeg   + + +     Faith    .     (no shield)
rPois  +         Spirit   .     (helmet currently unavailable)
rElec  .         Dismiss  .     (cloak currently unavailable)
rCorr  .         Reflect  .     (gloves unavailable)
MR     .....     Harm     .     (boots unavailable)
Stlth  ++........ NoTele   +    (no amulet)
                                (no ring)
                                e - +3 ring of intelligence

@: agile, lethally poisoned (-1 -> -2), tree-form
A: unfitting armour, (claws 0), fast metabolism 3, gourmand, regeneration 1,
(shaggy fur 0), (tough skin 0)
a: Renounce Religion


You were on level 7 of the Dungeon.
You worshipped Makhleb.
Makhleb was aware of your devotion.
You were not hungry.
You were a tree.
You visited 1 branch of the dungeon, and saw 7 of its levels.
You also visited: Sewer.

You collected 126 gold pieces.

Inventory:

Armour
 a - a +0 robe (melded)
Jewellery
 e - a +3 ring of intelligence (left branch)
Wands
 s - a wand of polymorph (12/24)
Scrolls
 c - 2 scrolls of fear {unknown}
 g - a scroll of recharging {unknown}
 h - 2 scrolls of enchant weapon {unknown}
 j - a scroll of enchant armour {unknown}
 k - a scroll of amnesia {unknown}
 n - a scroll of magic mapping {unknown}
 p - a scroll of teleportation {unknown}
 q - 4 scrolls of remove curse {unknown}
 t - a scroll of identify
 u - a scroll of fog {unknown}
Potions
 f - a potion of agility
 l - a potion of haste {unknown}
 m - 3 potions of flight
 r - a potion of might
 w - a potion of berserk rage {unknown}
Books
 b - a book of Battle

   Spells                             Type                      Level
   a - Infusion                       Charms                       1
   b - Shroud of Golubria             Charms/Translocation         2
   c - Song of Slaying                Charms                       2
   d - Spectral Weapon                Hexes/Charms                 3
   e - Regeneration                   Charms/Necromancy            3
Comestibles
 d - 2 bread rations
 i - a beef jerky
 v - 2 chunks of flesh


   Skills:
 - Level 1.5 Fighting
 - Level 1.2 Dodging
 + Level 8.3 Unarmed Combat
 - Level 1.2 Spellcasting
 - Level 2.0 Charms


You had 4 spell levels left.
You knew the following spells:

 Your Spells              Type           Power        Failure   Level  Hunger
a - Infusion              Chrm           #...         14%         1    ##.....
q - Regeneration          Chrm/Necr      #.........   69%         3    ####...


Dungeon Overview and Level Annotations

Branches:
Dungeon (7/15)             Temple (0/1) D:5

Altars:
Gozag
Makhleb
Okawaru

Shops:
D:6 }[

Annotations:
D:6 exclusion: upstairs


Innate Abilities, Weirdness & Mutations

You are too large for most types of armour.
((You have claws for hands.))
Your metabolism is lightning-fast.
You like to eat raw meat.
Your natural rate of healing is unusually fast.
((You are covered in fur. (AC +1)))
((You have very tough skin. (AC +2)))


Message History

Your roots penetrate the ground.
You feel less confused.
An orc comes into view.
You barely miss the kobold.
You feel sick.
The orc shouts!
The orc warrior hits you but does no damage.
The kobold unwields an uncursed hand crossbow.
The kobold wields an uncursed whip.
The kobold hits you with an uncursed whip.
* * * LOW HITPOINT WARNING * * *
You cannot fly right now.
Unknown command.
You feel agile all of a sudden.
The orc warrior hits you but does no damage.
Unknown command.
You pummel the kobold!!
You kill the kobold!
Makhleb accepts your kill.
The orc warrior hits you from afar with a halberd!
You die...

..+ ...# . ##+##
#..# #+## ..
#...###..##...#
...##....(......).#
..................#
....ooo.(.........#
.......)).........#
.......)♣..(......#
.......o(.........#
...#####+##.......#
. ## #.......#
.....
#.......#.....#
+.......#.....#
#.......+.....#
.#######'#.....#
...............#


You could see an orc warrior and 3 orcs.

Vanquished Creatures
  Duvessa (D:4)
  Purgy (Sewer)
  3 big kobolds
  Dowan (D:4)
  A crimson imp (D:5)
  A hound (D:4)
  An orc wizard (D:7)
  2 worker ants (D:4)
  3 adders (D:3)
  2 oozes
  A worm (D:3)
  5 leopard geckos
  8 orcs
  3 giant cockroaches (D:3)
  2 hobgoblins
  A ball python (D:1)
  4 frilled lizards
  6 kobolds
  3 rats
49 creatures vanquished.

Notes
Turn   | Place    | Note
-------+----------+-------------------------------------------
     0 | D:1      | gottagoquickly the Troll Skald began the quest for the Orb.
     0 | D:1      | Reached XP level 1. HP: 19/19 MP: 1/1
   199 | D:2      | Reached XP level 2. HP: 27/27 MP: 2/2
   248 | D:2      | You fall through a shaft!
   254 | D:3      | Found a burning altar of Makhleb.
   263 | D:3      | Reached skill level 3 in Unarmed Combat
   278 | D:3      | Became a worshipper of Makhleb the Destroyer
   330 | D:3      | Reached XP level 3. HP: 33/33 MP: 3/3
   353 | D:3      | Found a glowing drain.
   367 | Sewer    | Entered a sewer
   386 | Sewer    | Noticed a big kobold
   394 | Sewer    | Killed a big kobold
   394 | Sewer    | Reached skill level 4 in Unarmed Combat
   394 | Sewer    | Reached XP level 4. HP: 32/41 MP: 4/4
   429 | Sewer    | Noticed Purgy
   436 | Sewer    | Killed Purgy
   436 | Sewer    | Reached skill level 5 in Unarmed Combat
   436 | Sewer    | Reached XP level 5. HP: 28/48 MP: 5/5
   469 | Sewer    | Reached skill level 6 in Unarmed Combat
   469 | Sewer    | Reached XP level 6. HP: 52/55 MP: 6/6
   664 | D:3      | Found an iron altar of Okawaru.
   697 | D:3      | Learned a level 3 spell: Regeneration
   727 | D:4      | Noticed Dowan
   730 | D:4      | Noticed Duvessa
   735 | D:4      | Killed Dowan
   735 | D:4      | Reached skill level 7 in Unarmed Combat
   744 | D:4      | Killed Duvessa
   749 | D:4      | Reached * piety under Makhleb
   751 | D:4      | HP: 5/55 [hound (3)]
   751 | D:4      | HP: 1/55 [hound (4)]
   756 | D:4      | Reached XP level 7. HP: 25/62 MP: 7/7
   823 | D:5      | Entered Level 5 of the Dungeon
   823 | D:5      | Found an opulent altar of Gozag.
   859 | D:5      | Found a staircase to the Ecumenical Temple.
   886 | D:6      | Found Nounesk's Armour Emporium.
   971 | D:6      | Found Ogasaa's Gadget Shoppe.
  1107 | D:7      | Reached skill level 8 in Unarmed Combat
  1113 | D:7      | HP: 5/62 [orc warrior/halberd (11)]
  1117 | D:7      | Slain by an orc warrior

Vault maps used:
D:1:      shiori_shiawase
D:2:      uniq_crazy_yiuf_cottage, uniq_jessica
D:3:      nicolae_overflow_crystal_walls, portal_sewer_entry_f,
          corexii_leaking_fountain, roderic_serpentine_path,
          okawaru_metal_pillars_3
D:4:      fedhas_altar_2, kiku_gazebo_pond_becter, first_bread, tgw_trog,
          uniq_duvessa, uniq_sigmund
D:5:      nicolae_overflow_hidden_temple
D:6:      serial_shops, nicolae_shop_statue_plus, shop
D:7:      kennysheep_decorative_pillar, the_bakery, minmay_misc_feat_nine_boxes,
          st_stairs_6
Sewer:    kennysheep_door_sewer

Skill      XL: |  1  2  3  4  5  6  7 |
---------------+----------------------+-----
Unarmed Combat | 3 4 5 6 7 8 |  8.3
Fighting       | |  1.5
Dodging        | |  1.2
Spellcasting   | |  1.2
Charms         | |  2.0

Action                   |  1- 3 |  4- 6 |  7- 9 || total
-------------------------+-------+-------+-------++-------
Melee: Unarmed           |    52 |    68 |    23 ||   143
       Punch             |       |       |     2 ||     2
  Use: Scroll            |       |     4 |       ||     4
       Potion            |       |     1 |     2 ||     3
  Eat: Chunk             |     2 |     1 |     3 ||     6
       Pizza             |       |       |     1 ||     1
Armor: Robe              |    19 |    23 |     4 ||    46
       Skin              |       |       |     2 ||     2
Dodge: Dodged            |    18 |    24 |    12 ||    54
